 Dungeon Crawl Stone Soup version 0.29-a0-617-g7a6b98fccd (webtiles) character file.

Game seed: 12602183773112591126

64 DocClef the Skirmisher (level 4, 0/31 HPs)
             Began as a Gargoyle Fighter on June 17, 2022.
             Slain by a quasit (1 damage)
             ... summoned by Eustachio
             ... on level 4 of the Dungeon.
             The game lasted 00:01:51 (2785 turns).

DocClef the Skirmisher (Gargoyle Fighter)           Turns: 2785, Time: 00:01:52

Health: 0/31       AC: 10    Str: 21      XL:     4   Next: 12%
Magic:  4/4        EV:  9    Int:  9      God:
Gold:   143        SH:  4    Dex:  8 (9)  Spells: 3/3 levels left

rFire   . . .      SeeInvis .   a - +0 flail
rCold   . . .      Faith    .   c - +0 buckler
rNeg    + . .      Spirit   .   b - +0 scale mail
rPois   ∞          Reflect  .   (no helmet)
rElec   +          Harm     .   (no cloak)
rCorr   .          Rampage  .   (no gloves)
Will    .....                   (no boots)
Stlth   ..........              (no amulet)
HPRegen 0.10/turn               (no ring)
MPRegen 0.09/turn               (no ring)

@: mighty
A: sickness immunity, AC +3, negative energy resistance 1, electricity
resistance, torment resistance 1, petrification resistance
a: no special abilities


You were on level 4 of the Dungeon.
You visited 1 branch of the dungeon, and saw 4 of its levels.

You collected 143 gold pieces.

Inventory:

Hand Weapons
 a - a +0 flail (weapon)
Armour
 b - a +0 scale mail (worn)
 c - a +0 buckler (worn)
Jewellery
 s - a ring of flight
Scrolls
 e - a scroll of summoning {unknown}
 g - 4 scrolls of identify {unknown}
 h - a scroll of immolation {unknown}
 n - a scroll of fear {unknown}
 p - a scroll of amnesia {unknown}
 t - a scroll of fog {unknown}
Potions
 d - a potion of might
 f - a potion of flight {unknown}
 i - a potion of invisibility {unknown}
 j - a potion of heal wounds {unknown}
 k - a potion of curing {unknown}
 l - a potion of haste {unknown}
 m - a potion of degeneration {unknown}
 o - a potion of ambrosia {unknown}
 q - a potion of cancellation {unknown}
 r - a potion of attraction {unknown}


   Skills:
 + Level 5.3 Fighting
 - Level 2.0 Maces & Flails
 - Level 3.2 Armour
 - Level 3.2 Shields


You had 3 spell levels left.
You didn't know any spells.
Your spell library contained the following spells:

 Spells                   Type           Power      Damage    Failure   Level
 Beastly Appendage        Tmut           0%         N/A       82%         1
 Blink                    Tloc           0%         N/A       91%         2
 Wereblood                Tmut           0%         N/A       91%         2
 Lesser Beckoning         Tloc           0%         N/A       99%         3
 Portal Projectile        Hex/Tloc       0%         N/A       99%         3
 Spider Form              Tmut/Pois      0%         N/A       99%         3
 Tukima's Dance           Hex            0%         N/A       99%         3
 Blade Hands              Tmut           0%         N/A       100%        5
 Manifold Assault         Tloc           0%         N/A       100%        5


Dungeon Overview and Level Annotations

Branches:
Dungeon (4/15)
 Temple: D:4-7

Altars:

Annotations:
D:4 Eustachio


Innate Abilities, Weirdness & Mutations

You are immune to sickness and miasma.
Your stone body is resilient. (AC +3)
You are immune to poison.
You resist negative energy. (rN+)
You are resistant to electric shocks. (rElec)
You are resistant to unholy torment.
You are immune to petrification.


Message History

You block the ufetubus's attack. Eustachio completely misses you.
The quasit barely misses you.
The quasit claws you but does no damage. x2
You hit Eustachio.
Eustachio is moderately wounded.
The ufetubus barely misses you. The ufetubus closely misses you.
You block the quasit's attack.
The quasit claws you but does no damage. x2
Eustachio completely misses you.
The ufetubus hits you but does no damage. x2
The quasit bites you but does no damage.
The quasit claws you but does no damage.
The quasit claws you.
* * * LOW HITPOINT WARNING * * *
Eustachio yells, "Perjured traitor, DIE!"
Eustachio hits you with a +0 rapier.
* * * LOW HITPOINT WARNING * * *
You barely miss Eustachio.
Eustachio is moderately wounded.
The ufetubus hits you but does no damage.
You block the ufetubus's attack.
The quasit bites you but does no damage.
The quasit claws you but does no damage. x2
The ufetubus hits you.
* * * LOW HITPOINT WARNING * * *
The ufetubus barely misses you.
Eustachio gestures wildly while chanting.
The quasit barely misses you. The quasit closely misses you.
The quasit claws you but does no damage.
You closely miss Eustachio.
Eustachio is moderately wounded.
The ufetubus hits you but does no damage.
The ufetubus barely misses you.
The quasit bites you but does no damage.
The quasit claws you but does no damage. x2
The ufetubus hits you but does no damage.
The ufetubus barely misses you.
Eustachio casts a spell.
The quasit bites you.
You die...

..
#...##########
#.#.#..:......
#.#.#.########
##### #.#.#<#
#....##.#...#
....bb#b###.#
.....r@.###.##
....###@##...#
#..55r....#
####.##...#
#.##...#
#........
#.##...###
#.###### ..#
###


You could see Eustachio, a quasit (summoned), an ufetubus (summoned), a quokka
(summoned), 3 bats and a rat (summoned).

Vanquished Creatures
  An adder (D:3)
  3 worms
  A dart slug (D:1)
  4 endoplasms
  5 goblins
  4 hobgoblins
  3 kobolds (D:1)
  A quokka (D:2)
  9 ball pythons
  2 bats (D:2)
  5 frilled lizards
  6 rats
44 creatures vanquished.

Notes
Turn   | Place    | Note
-------+----------+-------------------------------------------
     0 | D:1      | DocClef the Gargoyle Fighter began the quest for the Orb.
     0 | D:1      | Reached XP level 1. HP: 14/14 MP: 1/1
   299 | D:1      | Reached XP level 2. HP: 11/20 MP: 2/2
   451 | D:1      | Reached skill level 4 in Fighting
   558 | D:1      | Found a faded altar of an unknown god.
  1235 | D:2      | Reached XP level 3. HP: 21/24 MP: 3/3
  2110 | D:3      | Reached skill level 5 in Fighting
  2319 | D:3      | Reached XP level 4. HP: 31/31 MP: 4/4
  2771 | D:4      | Noticed Eustachio
  2784 | D:4      | HP: 1/31 [ufetubus[Eustachio] (1)]
  2785 | D:4      | Slain by a quasit

Illustrated notes

Levels and vault maps discovered:
D:1:      dpeg_arrival_windows_large_door, layout_loops_ring,
          ebering_ecumenical_altar_petrified
D:2:      layout_rooms, serial_bayou_lagoon_b
D:3:      layout_loops_ring, grunt_ministairs_5
D:4:      layout_loops_ring, kennysheep_potato, uniq_crazy_yiuf_cottage,
          uniq_blork_the_orc, uniq_eustachio

Skill      XL: |  1  2  3 |
---------------+----------+-----
Fighting       | 4 5 |  5.3
Maces & Flails | |  2.0
Armour         | |  3.2
Shields        | |  3.2

Action                   |  1- 3 |  4- 6 || total
-------------------------+-------+-------++-------
Melee: Flail             |   111 |    22 ||   133
  Use: Potion            |       |     1 ||     1
Armor: Scale mail        |    47 |    58 ||   105
Dodge: Dodged            |    49 |    41 ||    90
Block: Buckler           |    26 |    18 ||    44

Table legend: (Time is in decaauts)
 A = Elapsed time spent in this place.
 B = Non-inter-level travel time spent in this place.
 C = Inter-level travel time spent in this place.
 D = Time resting spent in this place.
 E = Time spent auto-exploring this place.
 F = Levels seen in this place.
 G = Mean time per level.
                   A        B        C        D        E       F      G
               +--------+--------+--------+--------+--------+-----+--------+
         Total |   2850 |   2765 |     85 |    161 |   2243 |   4 |  712.5 |
       Dungeon |   2850 |   2765 |     85 |    161 |   2243 |   4 |  712.5 |
               +--------+--------+--------+--------+--------+-----+--------+

Top non-repeatable levels by time:
     D:1: 1238 daAuts
     D:3: 995 daAuts
     D:2: 584 daAuts
     D:4: 32 daAuts
